 Dungeon Crawl Stone Soup version 0.31-a0-145-g046c7d2549 (webtiles) character file.

Game seed: 6290051235346673795

23 Nedwor the Cutter (level 2, 0/22 HPs)
             Began as a Demonspawn Gladiator on June 5, 2023.
             Slain by a jackal (2 damage)
             ... on level 1 of the Dungeon on June 6, 2023.
             The game lasted 00:01:02 (560 turns).

Nedwor the Cutter (Demonspawn Gladiator)             Turns: 560, Time: 00:01:03

Health: 0/22       AC:  5    Str: 14    XL:     2   Next: 72%
Magic:  2/2        EV: 12    Int:  9    God:
Gold:   45         SH:  0    Dex: 14    Spells: 1/1 levels left

rFire   . . .        a - +0 rapier
rCold   . . .        (no shield)
rNeg    . . .        b - +0 leather armour
rPois   .            c - +0 helmet
rElec   .            g - +0 cloak
rCorr   .            (no gloves)
SInv    .            (no boots)
Will    .....        (no amulet)
Stlth   +            (no ring)
HPRegen 0.23/turn    (no ring)
MPRegen 0.16/turn

%: no passive effects
@: mighty, hasted, very quick
A: magic regeneration
a: no special abilities


You were on level 1 of the Dungeon.
You visited 1 branch of the dungeon, and saw 1 of its levels.

You collected 45 gold pieces.

Inventory:

Hand Weapons
 a - a +0 rapier (weapon)
Missiles
 d - 3 throwing nets (quivered)
 e - a javelin
Armour
 b - a +0 leather armour (worn)
 c - a +0 helmet (worn)
 g - a +0 cloak (worn)
Scrolls
 f - a scroll of immolation {unknown}
 j - a scroll of identify {unknown}


   Skills:
 + Level 2.3 Fighting
 * Level 3.1 Short Blades
 - Level 1.7 Throwing
 + Level 0.7 Armour
 + Level 2.9 Dodging


You had one spell level left.
You didn't know any spells.
Your spell library was empty.

Dungeon Overview and Level Annotations

Branches:
Dungeon (1/15)

Altars:


Innate Abilities, Weirdness & Mutations

You regenerate magic rapidly.


Message History

You barely miss the jackal.
The jackal bites you but does no damage.
The jackal closely misses you. x2; The rat barely misses you.
The jackal bites you but does no damage.
The jackal closely misses you. The jackal misses you.
The jackal barely misses you. The rat bites you but does no damage.
You hit the jackal.
You kill the jackal!
The jackal bites you. x2
The jackal bites you but does no damage.
The jackal bites you. The rat bites you but does no damage.
The jackal bites you but does no damage.
You miss the quokka.
The jackal bites you. x2; The quokka misses you.
The jackal bites you. The jackal barely misses you. The rat barely misses you.
You are too injured to fight recklessly!
You are too injured to fight recklessly!
The rat attacks as you move away! The rat closely misses you.
The jackal attacks as you move away! The jackal barely misses you.
The jackal bites you but does no damage.
The jackal closely misses you. x2
There is a stone staircase leading down here.
The quokka attacks as you move away! The quokka completely misses you.
The jackal attacks as you move away! The jackal barely misses you. x2
The jackal misses you. The quokka bites you.
* * * LOW HITPOINT WARNING * * *
The jackal attacks as you move away!
The jackal bites you but does no damage.
The endoplasm freezes you.
You are frozen.
* * * LOW HITPOINT WARNING * * *
The jackal bites you but does no damage.
The jackal attacks as you move away! The jackal completely misses you.
It was a potion of haste.
You feel yourself speed up. The jackal barely misses you.
It was a potion of might.
You feel very mighty all of a sudden. The jackal closely misses you.
The quokka twitches its whiskers.
You miss the jackal. The jackal bites you.
You die...

########### ..........#
..........# ..........###
######### ####### ............#
#.......# #.....#
......†...#h####.......###.....#
......†.>..rJghh@..†...........#
..........#...r#.......###††...#
..........####.#.......# ####.##
..........# #.#.......# #.#
.........$# #.....##### #.###
.........## #####.# #...#
.....##### #.# ###.. >.... #.#
### #. #


You could see a gnoll, an endoplasm, a quokka, 3 jackals and a rat.

Vanquished Creatures
  2 ball pythons (D:1)
  5 bats (D:1)
  2 endoplasms (D:1)
  2 giant cockroaches (D:1)
  A goblin (D:1)
  2 hobgoblins (D:1)
  A jackal (D:1)
  A quokka (D:1)
  2 kobolds (D:1)
  A rat (D:1)
19 creatures vanquished.

Notes
Turn   | Place    | Note
-------+----------+-------------------------------------------
     0 | D:1      | Nedwor the Demonspawn Gladiator began the quest for the
                  | Orb.
     0 | D:1      | Reached XP level 1. HP: 16/16 MP: 1/1
   235 | D:1      | Gained mutation: You regenerate magic rapidly. [demonic
                  | ancestry]
   235 | D:1      | Reached XP level 2. HP: 9/22 MP: 2/2
   265 | D:1      | Reached skill level 3 in Short Blades
   551 | D:1      | HP: 1/22 [frozen (5)]
   560 | D:1      | Slain by a jackal

Illustrated notes

Levels and vault maps discovered:
D:1:      wander_arrival_abandoned_jail, layout_basic, grunt_decor_junction,
          minmay_misc_feat_enclosed

Skill      XL: |  1  2 |
---------------+-------+-----
Short Blades   | 3 |  3.1
Fighting       | |  2.3
Throwing       | |  1.7
Armour         | |  0.7
Dodging        | |  2.9

Action                     || total
---------------------------++-------
  Melee: Rapier            ||    80
         Punch             ||     2
    Use: Potion            ||     2
 Armour: Leather armour    ||    60
  Dodge: Dodged            ||   108

Table legend: (Time is in decaauts)
 A = Elapsed time spent in this place.
 B = Non-inter-level travel time spent in this place.
 C = Inter-level travel time spent in this place.
 D = Time resting spent in this place.
 E = Time spent auto-exploring this place.
 F = Levels seen in this place.
 G = Mean time per level.
                   A        B        C        D        E       F      G
               +--------+--------+--------+--------+--------+-----+--------+
         Total |    563 |    530 |     33 |      0 |    393 |   1 |  563.0 |
       Dungeon |    563 |    530 |     33 |      0 |    393 |   1 |  563.0 |
               +--------+--------+--------+--------+--------+-----+--------+

Top non-repeatable levels by time:
     D:1: 563 daAuts
